 Dungeon Crawl Stone Soup version 0.28.0 (webtiles) character file.

Game seed: 14003102955171879126

524 trckry the Conjurer (level 7, 0/50 HPs)
             Began as a White Draconian Conjurer on Feb 8, 2022.
             Was a Believer of Zin.
             Succumbed to a scorpion's poison
             ... on level 4 of the Dungeon.
             The game lasted 00:15:31 (5207 turns).

trckry the Conjurer (White Draconian Conjurer)      Turns: 5207, Time: 00:15:31

Health: 0/50       AC:  6    Str:  9    XL:     7   Next: 2%
Magic:  0/12       EV: 12    Int: 20    God:    Zin [**....]
Gold:   90         SH:  0    Dex: 10    Spells: 3/13 levels left

rFire   . . .      SeeInvis .   b - +0 rapier
rCold   + . .      Faith    .   (no shield)
rNeg    . . .      Spirit   .   (armour unavailable)
rPois   .          Reflect  .   (helmet restricted)
rElec   .          Harm     .   (no cloak)
rCorr   .          Rampage  .   (no gloves)
Will    .....                   (no boots)
Stlth   ++........              (no amulet)
HPRegen 0.16/turn               (no ring)
MPRegen 0.13/turn               (no ring)

@: lethally poisoned (0 -> -9), short of breath
A: breathe frost, AC +6, unfitting armour, cold resistance 1, cold-blooded
a: Breathe Frost, Renounce Religion, Recite, Vitalisation, Donate Gold


You were on level 4 of the Dungeon.
You worshipped Zin.
Zin was pleased with you.
You visited 1 branch of the dungeon, and saw 4 of its levels.

You collected 99 gold pieces.
You donated 9 gold pieces to Zin.

Inventory:

Hand Weapons
 b - a +0 rapier (weapon)
Jewellery
 m - a +6 ring of intelligence
 o - a ring of positive energy
Wands
 v - a wand of flame (12)
 x - a wand of digging (3)
 y - a wand of mindburst (14)
Scrolls
 a - a scroll of noise {unknown}
 e - a scroll of blinking {unknown}
 f - a scroll of immolation {unknown}
 g - a scroll of fear {unknown}
 j - 2 scrolls of holy word {unknown}
 l - a scroll of vulnerability {unknown}
 n - 2 scrolls of identify {unknown}
 q - a scroll of magic mapping {unknown}
 s - 2 scrolls of enchant weapon {unknown}
 u - a scroll of teleportation {unknown}
 w - a scroll of acquirement {unknown}
Potions
 c - 2 potions of flight {unknown}
 d - a potion of resistance {unknown}
 h - a potion of might
 i - 2 potions of ambrosia {unknown}
 k - a potion of experience {unknown}
 p - a potion of magic {unknown}
 r - a potion of brilliance {unknown}
 t - a potion of lignification {unknown}


   Skills:
 - Level 2.0 Dodging
 - Level 2.0 Stealth
 + Level 3.6 Spellcasting
 * Level 6.3 Conjurations
 * Level 4.2 Invocations


You had 3 spell levels left.
You knew the following spells:

 Your Spells              Type           Power      Damage    Failure   Level
a - Magic Dart            Conj           100%       1d8       1%          1
b - Searing Ray           Conj           58%        2d6       1%          2
c - Dazzling Flash        Conj/Hex       32%        N/A       11%         3
d - Flame Wave            Conj/Fire      16%        2d6       34%         4

Your spell library contained the following spells:

 Spells                   Type           Power      Damage    Failure   Level
 Beastly Appendage        Tmut           6%         N/A       14%         1
 Scorch                   Fire           6%         2d5       21%         2
 Wereblood                Tmut           3%         N/A       21%         2
 Spider Form              Tmut/Pois      3%         N/A       38%         3
 Fulminant Prism          Conj/Hex       8%         3d7       34%         4
 Iskenderun's Mystic Bla  Conj/Tloc      16%        2d5       34%         4
 Summon Cactus Giant      Summ           1%         N/A       100%        6


Dungeon Overview and Level Annotations

Branches:
Dungeon (4/15)
 Temple: D:4-7

Altars:
Elyvilon
Nemelex Xobeh
Qazlal
Xom
Zin

Annotations:
D:4 Edmund


Innate Abilities, Weirdness & Mutations

You can breathe waves of freezing cold which knock back foes.
Your icy white scales are hard. (AC +6)
You cannot fit into any form of body armour.
Your flesh is cold resistant. (rC+)
You are cold-blooded and may be slowed by cold attacks.


Message History

Aim: a scorpion (heavily wounded, 100% to hit)
The magic dart hits the scorpion but does no damage.
The scorpion is heavily wounded.
The scorpion stings you.
You are poisoned.
The scorpion poisons you!
You hit the scorpion.
You tail-slap the scorpion, but do no damage.
You punch the scorpion, but do no damage.
The scorpion is almost dead.
You feel very sick. The scorpion barely misses you. The scorpion misses you.
You barely miss the scorpion.
The scorpion is almost dead.
You feel sick. The scorpion stings you!
You barely miss the scorpion.
You tail-slap the scorpion, but do no damage.
The scorpion is almost dead.
You feel sick. The scorpion stings you.
* * * LOW HITPOINT WARNING * * *
You closely miss the scorpion.
The scorpion is almost dead.
You feel sick. The scorpion stings you.
* * * LOW HITPOINT WARNING * * *
The scorpion stings you.
* * * LOW HITPOINT WARNING * * *
You are more poisoned.
The scorpion poisons you!
You closely miss the scorpion.
The scorpion is almost dead.
Zin protects you from harm!
The scorpion stings you but does no damage.
Casting: Magic Dart (safe; 1% risk of failure)
Confirm with . or Enter, or press ? or * to list all spells.
Aiming: Magic Dart (safe; 1% risk of failure)
Press: ? - help, Shift-Dir - straight line, f/p - scorpion
Aim: a scorpion (almost dead, 100% to hit)
The magic dart hits the scorpion but does no damage.
The scorpion is almost dead.
You die...

#. #.<.# #. ##..♣#
##.###...#
#...#♣..## .
####...†..#### ..#
#......#♣##..##....
..>#....###.........
. ##.........##....
#..)#...@........
......##...s....##)>
...####.............
. #..
#........##.....
...## ##
#.....<........#
.....
#............#....
..... ...##........#
.. ..... ...#
##.......# ..... ...
#..§....s# .....


You could see a scorpion.

Vanquished Creatures
  A black bear (D:3)
  2 phantoms (D:4)
  2 hounds (D:4)
  Natasha (thrice) (D:3)
  An iguana (D:3)
  5 adders
  An ufetubus (D:4)
  2 adder skeletons (D:4)
  A worm (D:4)
  A dart slug (D:2)
  2 orcs
  7 endoplasms
  3 giant cockroaches (D:1)
  8 hobgoblins
  2 quokkas
  2 ball pythons
  3 bats
  5 frilled lizards (D:1)
  5 goblins
  9 kobolds
  5 rats
70 creatures vanquished.

Vanquished Creatures (others)
  5 plants (D:3)
5 creatures vanquished.

Grand Total: 75 creatures vanquished

Notes
Turn   | Place    | Note
-------+----------+-------------------------------------------
     0 | D:1      | trckry the Draconian Conjurer began the quest for the Orb.
     0 | D:1      | Reached XP level 1. HP: 14/14 MP: 3/3
   333 | D:1      | Reached XP level 2. HP: 20/20 MP: 1/5
  1018 | D:1      | Learned a level 2 spell: Searing Ray
  1088 | D:1      | Found a faded altar of an unknown god.
  1094 | D:1      | Prayed at the altar of an unknown god.
  1094 | D:1      | Became a worshipper of Zin the Law-Giver
  1094 | D:1      | Reached * piety under Zin
  1252 | D:2      | Reached XP level 3. HP: 26/26 MP: 1/6
  1486 | D:2      | Learned a level 3 spell: Dazzling Flash
  1884 | D:2      | Found a white marble altar of Elyvilon.
  2087 | D:3      | Noticed Natasha
  2091 | D:3      | Killed Natasha
  2092 | D:3      | Reached skill level 5 in Conjurations
  2092 | D:3      | Reached skill level 1 in Invocations
  2092 | D:3      | Reached XP level 4. HP: 33/33 MP: 1/8
  2252 | D:3      | Found a sparkling altar of Nemelex Xobeh.
  2338 | D:3      | Reached ** piety under Zin
  2539 | D:3      | Noticed Natasha
  2548 | D:3      | Killed Natasha
  2785 | D:3      | Noticed Natasha
  2790 | D:3      | Killed Natasha
  2791 | D:3      | Reached XP level 5. HP: 19/38 MP: 3/9
  2796 | D:3      | Found a shimmering altar of Xom.
  2798 | D:3      | Found a stormy altar of Qazlal.
  2980 | D:3      | Found a white marble altar of Elyvilon.
  3711 | D:4      | Noticed a phantom
  3723 | D:4      | Killed a phantom
  3724 | D:4      | Reached XP level 6. HP: 33/45 MP: 1/11
  3811 | D:4      | Noticed Edmund
  4217 | D:3      | Learned a level 4 spell: Flame Wave
  4788 | D:3      | HP: 4/45 [black bear (10)]
  4790 | D:3      | Reached skill level 6 in Conjurations
  5198 | D:4      | Your scales start taking on an icy white colour.
  5198 | D:4      | Reached XP level 7. HP: 29/50 MP: 0/12
  5198 | D:4      | Gained mutation: Your flesh is cold resistant. (rC+) [White
                  | Draconian growth]
  5205 | D:4      | HP: 6/50 [scorpion (5)]
  5205 | D:4      | HP: 2/50 [scorpion (4)]
  5206 | D:4      | Zin protects you from harm!
  5207 | D:4      | Succumbed to a scorpion's poison

Illustrated notes

Levels and vault maps discovered:
D:1:      minmay_arrival_four_circles, layout_basic,
          ebering_ecumenical_altar_box, chequers_serial_rivers_small_3
D:2:      layout_basic, basic_altar
D:3:      layout_loops_ring, nemelex_spade_bored_becter,
          nicolae_elyvilon_temple_path, nicolae_overflow_hidden_temple,
          minmay_misc_feat_secret_circle, uniq_natasha
D:4:      layout_cave_pools, grunt_temple_overflow_lords_of_destruction,
          grunt_decor_mini_mirrors, grunt_ministairs_8, uniq_edmund

Skill      XL: |  1  2  3  4  5  6 |
---------------+-------------------+-----
Stealth        | 2 |  2.0
Dodging        | 2 |  2.0
Conjurations   | 5 6 |  6.3
Invocations    | 1 2 3 4 |  4.2
Spellcasting   | 3 |  3.6

Action                   |  1- 3 |  4- 6 |  7- 9 || total
-------------------------+-------+-------+-------++-------
Melee: Rapier            |       |     9 |     5 ||    14
       Tailslap          |       |     3 |     2 ||     5
       Punch             |       |       |     1 ||     1
 Cast: Magic Dart        |    72 |    68 |     2 ||   142
       Searing Ray       |     2 |    19 |       ||    21
       Dazzling Flash    |       |     5 |       ||     5
Invok: Recite            |       |     1 |       ||     1
 Abil: Breathe Frost     |       |       |     1 ||     1
Armor: Skin              |     4 |    31 |     1 ||    36
Dodge: Dodged            |     3 |    39 |     2 ||    44
